 Dungeon Crawl Stone Soup version 0.17.0-18-gaab0e96 (webtiles) character file.

16780 4thArraOfDagon the Cleaver (level 12, -6/165 HPs)
             Began as a Minotaur Fighter on Nov 11, 2015.
             Was a High Priest of Okawaru.
             Killed by angry trees
             ... awakened by a young spriggan druid
              (9 damage)
             ... on level 8 of the Lair of Beasts.
             The game lasted 00:23:50 (3264 turns).

4thArraOfDagon the Cleaver (Minotaur Fighter)       Turns: 3264, Time: 00:23:50

Health: -6/165     AC: 23    Str: 25    XL:     12   Next: 13%
Magic:  14/14      EV: 16    Int: 11    God:    Okawaru [*****.]
Gold:   523        SH:  0    Dex: 13    Spells: 3 memorised, 4 levels left

rFire  + . .     SeeInvis .     a - +0 war axe
rCold  + . .     Clarity  .     o - +0 plate armour
rNeg   . . .     SustAt   .     c - +0 shield
rPois  +         Gourm    .     (helmet restricted)
rElec  +         Spirit   .     D - +0 cloak
rCorr  +         Warding  .     q - +1 pair of gloves
rMut   .         Stasis   .     h - +0 pair of boots
MR     .....                    B - amulet of faith
Stlth  ..........               y - ring of Qiusie {Int+3 Stlth+}
                                A - +3 ring of evasion

@: confused, mighty, berserking, resistant, heroism, very quick, not resistant
to hostile enchantments, extremely unstealthy
A: retaliatory headbutt, horns 2
a: Heroism, Finesse, Renounce Religion


You were on level 8 of the Lair of Beasts.
You worshipped Okawaru.
Okawaru was extremely pleased with you.
You were not hungry.

You visited 2 branches of the dungeon, and saw 18 of its levels.
You also visited: Volcano.

You collected 523 gold pieces.

Inventory:

Hand Weapons
 a - a +0 war axe (weapon)
 k - a +1 hand axe of flaming
 L - a +0 blowgun
Missiles
 b - 4 javelins (quivered)
 d - a throwing net
Armour
 c - a +0 shield (worn)
 h - a +0 pair of boots (worn)
 o - a +0 plate armour (worn)
 q - a +1 pair of gloves (worn)
 D - a +0 cloak (worn)
 H - a +1 scale mail of fire resistance
 K - a +0 ring mail of cold resistance
Magical Staves
 I - an uncursed staff of cold {unknown}
Jewellery
 i - an uncursed ring of sustain attributes
 y - the ring of Qiusie (right hand) {Int+3 Stlth+}
   (You found it on level 9 of the Dungeon)

   [ring of stealth]

   It affects your intelligence (+3).
   It makes you more stealthy.
 A - a +3 ring of evasion (left hand)
 B - an amulet of faith (around neck)
 C - a +6 ring of intelligence
Wands
 n - a wand of cold (0)
 J - a wand of confusion (32)
Scrolls
 g - a scroll of remove curse
 j - 2 scrolls of enchant weapon
 s - a scroll of immolation
 u - a scroll of amnesia
 v - 3 scrolls of teleportation
Potions
 f - a potion of brilliance
 r - a potion of flight
 x - 2 potions of magic
 F - a potion of might
Books
 t - a book of Spatial Translocations

   Spells                             Type                      Level
   a - Apportation                    Translocation                1
   b - Blink                          Translocation                2
   c - Shroud of Golubria             Charms/Translocation         2
   d - Portal Projectile              Translocation                3
   e - Teleport Other                 Translocation                3
   f - Passage of Golubria            Translocation                4
 G - a book of the Sky

   Spells                             Type                      Level
   a - Summon Lightning Spire         Summoning/Air                4
   b - Airstrike                      Air                          4
   c - Silence                        Hexes/Air                    5
   d - Deflect Missiles               Charms/Air                   6
   e - Conjure Ball Lightning         Conjuration/Air              6
   f - Tornado                        Air                          9
Comestibles
 e - 3 bread rations
 l - 2 meat rations
 m - 8 fruits
 p - a slice of pizza
 w - 9 chunks of flesh


   Skills:
 + Level 11.1(16.1) Fighting
 * Level 14.5(19.5) Axes
 + Level 10.9(15.9) Armour
 * Level 8.6(13.6) Dodging
 - Level 3.6(8.6) Shields
 - Level 5.0 Invocations


You had 4 spell levels left.
You knew the following spells:

 Your Spells              Type           Power        Failure   Level  Hunger
a - Apportation           Tloc           #.........   100%        1    ##.....
b - Blink                 Tloc           N/A          100%        2    ###....
c - Passage of Golubria   Tloc           N/A          100%        4    #####..


Dungeon Overview and Level Annotations

Branches:
Dungeon (10/15)              Lair (8/8) D:9           Swamp (0/4) Lair:4
  Slime (0/6) Lair:6
 Temple: D:4-7        Snake: Lair:3-6    Spider: Lair:3-6       Orc: D:9-12

Altars:
Fedhas
Okawaru
Yredelemnul
Zin
Jiyva

Shops:
D:7 *

Annotations:
D:4 Rayvis's ghost, novice MiFi


Innate Abilities, Weirdness & Mutations

You reflexively headbutt those who attack you in melee.
You have a pair of horns on your head.


Message History

You're too confused!
You're too confused!
You're too confused!
You're too confused!
Unknown command.
Drink which item? (? for menu, Esc to quit)
Okay, then.
Put on which piece of jewellery? (? for menu, Esc to quit)
Okay, then.
Drink which item? (? for menu, Esc to quit)
Okay, then.
A root smacks you from below.
* * * LOW HITPOINT WARNING * * *
The blink frog blinks!
Unknown command.
Unknown command.
Drink which item? (? for menu, Esc to quit)
A red film seems to cover your vision as you go berserk!
You feel yourself moving faster!
You feel mighty! A root smacks you from below.
You die...

........ ...... ..
....##..# ♣♣♣♣..l.#..##
♣.♣♣........##
♣..♣............
♣..♣♣♣♣.......[... ..i♣
♣.i...P....# ♣.
♣♣@.....P.PP ♣#...#.P..
♣♣....# ... .♣ ♣♣
♣♣P....#.##
...♣♣♣.♣♣♣♣.^......#
...................#
......................
P.....................
.PP......................


You could see a komodo dragon and a young spriggan druid.

Vanquished Creatures
  3 hydras
  A centaur warrior (Volcano)
  5 elephants
  A black mamba (Lair:5)
  A torpor snail (Lair:7)
  5 komodo dragons
  4 spiny frogs
  A fire drake (Lair:8)
  13 blink frogs
  9 yaks
  A basilisk (Lair:8)
  A hungry ghost (D:10)
  3 fire bats (Lair:4)
  Edmund (D:4)
  9 water moccasins
  5 wolves (Lair:5)
  6 porcupines
  A sky beast (D:9)
  2 black bears (Lair:8)
  7 crocodiles
  5 centaurs
  4 giant frogs
  2 crimson imps
  5 lava snakes (Volcano)
  A hound (D:8)
  4 orc wizards
  An orc priest (D:8)
  2 worker ants
  A hell rat (D:9)
  3 iguanas
  8 sheep (Lair:5)
  6 adders
  8 gnolls
  20 river rats
  2 shadow imps
  An ooze (D:2)
  A worm (D:2)
  An adder skeleton (D:5)
  A giant gecko (D:5)
  17 orcs
  A bat (D:2)
  2 gnoll zombies (D:4)
  5 goblins
  5 hobgoblins
  7 jackals
  2 quokkas
  2 rats (D:9)
  2 fungi
198 creatures vanquished.

Vanquished Creatures (others)
  2 fungi (Lair:8)
2 creatures vanquished.

Grand Total: 200 creatures vanquished

Notes
Turn   | Place    | Note
--------------------------------------------------------------
     0 | D:1      | 4thArraOfDagon the Minotaur Fighter began the quest for the Orb.
     0 | D:1      | Reached XP level 1. HP: 19/19 MP: 0/0
    15 | D:1      | You fall through a shaft!
    54 | D:2      | Reached XP level 2. HP: 21/27 MP: 1/1
    79 | D:3      | Found a blossoming altar of Fedhas.
   118 | D:3      | Reached XP level 3. HP: 25/33 MP: 2/2
   127 | D:3      | Reached skill level 4 in Fighting
   162 | D:3      | Reached XP level 4. HP: 24/40 MP: 3/3
   284 | D:4      | Found a basalt altar of Yredelemnul.
   416 | D:4      | Noticed Edmund
   447 | D:4      | Killed Edmund
   447 | D:4      | Reached skill level 5 in Axes
   447 | D:4      | Reached XP level 5. HP: 30/47 MP: 4/4
   451 | D:5      | Entered Level 5 of the Dungeon
   536 | D:5      | Found an iron altar of Okawaru.
   543 | D:5      | Became a worshipper of Warmaster Okawaru
   555 | D:5      | Reached skill level 5 in Armour
   565 | D:5      | Reached XP level 6. HP: 18/55 MP: 5/5
   579 | D:5      | Reached skill level 5 in Fighting
   601 | D:4      | Noticed Rayvis's ghost (novice MiFi)
   656 | D:4      | Noticed a phantom
   775 | D:5      | Noticed a sky beast
   804 | D:6      | Reached skill level 6 in Axes
   804 | D:6      | Reached skill level 1 in Invocations
   904 | D:7      | Found Zin's Purification Station.
   908 | D:7      | Found a glowing silver altar of Zin.
  1063 | D:8      | Reached XP level 7. HP: 30/61 MP: 5/7
  1073 | D:8      | Reached * piety under Okawaru
  1073 | D:8      | Reached skill level 7 in Axes
  1174 | D:10     | Entered Level 10 of the Dungeon
  1215 | D:9      | Noticed a yak
  1226 | D:9      | Killed a yak
  1244 | D:9      | Found a staircase to the Lair.
  1259 | D:9      | Reached ** piety under Okawaru
  1259 | D:9      | Reached skill level 8 in Axes
  1259 | D:9      | Reached XP level 8. HP: 67/71 MP: 7/9
  1274 | D:9      | Got an ancient steel ring
  1275 | D:9      | Identified the ring of Qiusie {Int+3 Stlth+} (You found it on level 9 of the Dungeon)
  1373 | D:9      | Reached skill level 9 in Axes
  1377 | Lair:1   | Entered Level 1 of the Lair of Beasts
  1479 | Lair:2   | Noticed a spiny frog
  1491 | Lair:2   | Killed a spiny frog
  1493 | Lair:2   | Reached XP level 9. HP: 45/79 MP: 8/11
  1495 | Lair:2   | Reached *** piety under Okawaru
  1499 | Lair:2   | Reached skill level 10 in Axes
  1584 | Lair:2   | Noticed a komodo dragon
  1669 | Lair:3   | Reached skill level 5 in Invocations
  1695 | Lair:4   | Noticed a spiny frog
  1700 | Lair:4   | Killed a spiny frog
  1700 | Lair:4   | Reached **** piety under Okawaru
  1706 | Lair:4   | Reached skill level 11 in Axes
  1746 | Lair:4   | Reached XP level 10. HP: 46/90 MP: 10/12
  1758 | Lair:4   | Noticed a komodo dragon
  1771 | Lair:4   | Killed a komodo dragon
  1857 | Lair:4   | Reached skill level 12 in Axes
  1864 | Lair:4   | Reached skill level 1 in Dodging
  1875 | Lair:4   | Reached ***** piety under Okawaru
  1971 | Lair:4   | Found a dark tunnel.
  1980 | Volcano  | Entered a volcano
  2017 | Volcano  | umm
  2151 | Volcano  | Found a bloodstained altar of Trog.
  2151 | Volcano  | Noticed a centaur warrior
  2158 | Volcano  | Killed a centaur warrior
  2269 | Lair:5   | Noticed a black mamba
  2282 | Lair:5   | Killed a black mamba
  2282 | Lair:5   | Received a gift from Okawaru
  2286 | Lair:5   | Got a pair of ancient boots {god gift}
  2298 | Lair:5   | Identified the -4 pair of boots of the Wild Haggis {Str+4} (Okawaru gifted it to you on level 5 of the Lair of Beasts)
  2298 | Lair:5   | :(
  2346 | Lair:5   | Reached skill level 13 in Axes
  2350 | Lair:5   | Reached skill level 5 in Dodging
  2350 | Lair:5   | Reached skill level 10 in Fighting
  2350 | Lair:5   | Reached XP level 11. HP: 69/99 MP: 11/13
  2516 | Lair:6   | Noticed a four-headed hydra
  2526 | Lair:6   | Killed a one-headed hydra
  2526 | Lair:6   | Reached skill level 10 in Armour
  2534 | Lair:6   | Found a viscous altar of Jiyva.
  2534 | Lair:6   | Found a staircase to the Slime Pits.
  2544 | Lair:6   | Learned a level 1 spell: Apportation
  2547 | Lair:6   | Learned a level 2 spell: Blink
  2552 | Lair:6   | Learned a level 4 spell: Passage of Golubria
  2919 | Lair:8   | Entered Level 8 of the Lair of Beasts
  2995 | Lair:7   | Noticed a five-headed hydra
  3038 | Lair:8   | Reached skill level 14 in Axes
  3074 | Lair:7   | Killed a one-headed hydra
  3074 | Lair:7   | Received a gift from Okawaru
  3145 | Lair:7   | Reached XP level 12. HP: 72/110 MP: 14/14
  3176 | Lair:8   | Noticed a seven-headed hydra
  3188 | Lair:8   | Killed a one-headed hydra
  3258 | Lair:8   | RIP
  3262 | Lair:8   | HP: 5/110 [young spriggan druid/angry trees (6)]
  3263 | Lair:8   | HP: 2/110 [young spriggan druid/angry trees (4)]
  3264 | Lair:8   | Killed from afar by a young spriggan druid

Action                   |  1- 3 |  4- 6 |  7- 9 | 10-12 || total
-------------------------+-------+-------+-------+-------++-------
Melee: War axe           |    24 |       |       |   245 ||   269
       Hand axe          |    11 |   175 |   152 |   106 ||   444
Throw: Javelin           |       |       |       |     4 ||     4
Invok: Heroism           |       |       |     6 |    17 ||    23
       Finesse           |       |       |       |     1 ||     1
Evoke: Wand              |       |       |       |     5 ||     5
  Use: Scroll            |       |    10 |     4 |     5 ||    19
       Potion            |       |     1 |     2 |     4 ||     7
  Eat: Chunk             |       |     1 |     4 |     5 ||    10
       Beef jerky        |       |       |       |     2 ||     2
       Bread ration      |       |       |       |     1 ||     1
